 Dungeon Crawl Stone Soup version 0.23.2-1-ga50397a6bc (webtiles) character file.

Game seed: 9794186794424588284

207902 Lysie the Slayer (level 19, -1/209 HPs)
             Began as a Hill Orc Fighter on May 15, 2019.
             Was an Elder of Makhleb.
             Killed by divine providence
             ... invoked by a daeva
              (11 damage)
             ... on level 1 of the Depths.
             The game lasted 02:52:49 (36563 turns).

Lysie the Slayer (Hill Orc Fighter)                Turns: 36563, Time: 02:52:50

Health: -1/209     AC: 21    Str: 25    XL:     19   Next: 19%
Magic:  30/30      EV:  8    Int: 15    God:    Makhleb [****..]
Gold:   4992       SH: 11    Dex:  8    Spells: 24/28 levels left

rFire    + + .     SeeInvis .   C - +5 rapier "Vuihara" {elec, Fragile rPois Str+2}
rCold    + + +     Gourm    .   U - +0 buckler {rF+}
rNeg     . . .     Faith    .   V - +2 chain mail {MR+}
rPois    +         Spirit   .   t - +2 hat {Int+3}
rElec    +         Reflect  +   h - +1 cloak
rCorr    .         Harm     .   r - +0 pair of gloves
MR       ++...                  j - +0 pair of boots
Stlth    ..........             m - +5 amulet of reflection
HPRegen  0.44/turn              n - ring "Geethaaf" {rElec rC+ AC+1 Slay+3 Stlth-}
MPRegen  0.22/turn              u - ring of Bit Caom {rF+ rC++ Stlth+}

@: very slightly contaminated, studying Slings
A: clumsy 1, poison resistance, robust 1
a: Minor Destruction, Lesser Servant of Makhleb, Major Destruction, Renounce
Religion


You were on level 1 of the Depths.
You worshipped Makhleb.
Makhleb was greatly pleased with you.
You were not hungry.

You visited 6 branches of the dungeon, and saw 28 of its levels.
You visited the Abyss 1 time.
You also visited: Gauntlet and Volcano.

You collected 5442 gold pieces.
You spent 450 gold pieces at shops.

Inventory:

Hand Weapons
 i - a +0 demon trident of electrocution
 l - the +5 dagger of Reschuja {venom, Dex+5}
   (You bought it in a shop on level 2 of the Orcish Mines)

   It poisons the flesh of those it strikes.
   It affects your dexterity (+5).
 C - the +5 rapier "Vuihara" (weapon) {elec, Fragile rPois Str+2}
   (You found it on level 6 of the Dungeon)

   Occasionally, upon striking a foe, it will discharge some electrical energy
   and cause terrible harm.
   It affects your strength (+2).
   It protects you from poison.
   It will be destroyed if unequipped.
 D - the +3 great sword "Cowipheu" {speed, *Rage MR+ Dex+3}
   (You took it off an orc wizard on level 13 of the Dungeon)

   Attacks with this weapon are significantly faster.
   It affects your dexterity (+3).
   It affects your resistance to hostile enchantments.
   It may make you go berserk in combat.
 S - the +9 war axe of the Enchanted Forest {drain, rF- Str+4 Dex+4}
   (You took it off a deep elf demonologist on level 3 of the Elven Halls)

   A truly terrible weapon, it drains the life of those it strikes.
   It affects your strength (+4).
   It affects your dexterity (+4).
   It makes you vulnerable to fire.
Armour
 h - a +1 cloak (worn)
 j - a +0 pair of boots (worn)
 r - a +0 pair of gloves (worn)
 t - a +2 hat of intelligence (worn)
 K - the +2 scale mail of Conscience {Str+3}
   (You found it on level 14 of the Dungeon)

   It affects your strength (+3).
 Q - a +2 chain mail of fire resistance
 U - a +0 buckler of fire resistance (worn)
 V - a +2 chain mail of magic resistance (worn)
Jewellery
 c - an uncursed ring of fire
 m - a +5 amulet of reflection (around neck)
 n - the ring "Geethaaf" (left hand) {rElec rC+ AC+1 Slay+3 Stlth-}
   (You took it off a deep elf master archer on level 3 of the Elven Halls)

   [ring of protection]

   It affects your AC (+1).
   It affects your accuracy and damage with ranged weapons and melee attacks
   (+3).
   It protects you from cold.
   It insulates you from electricity.
   It makes you less stealthy.
 u - the ring of Bit Caom (right hand) {rF+ rC++ Stlth+}
   (You took it off a deep elf demonologist on level 3 of the Elven Halls)

   [ring of stealth]

   It protects you from fire.
   It greatly protects you from cold.
   It makes you more stealthy.
 x - an uncursed ring of see invisible {unknown}
Wands
 a - a wand of enslavement (13)
 y - a wand of digging (2)
 F - a wand of iceblast (20)
 H - a wand of clouds (9)
 L - a wand of paralysis (23)
Scrolls
 b - 5 scrolls of enchant weapon
 e - 6 scrolls of amnesia
 o - a scroll of fog
 s - 3 scrolls of immolation
 E - 2 scrolls of holy word
 G - a scroll of magic mapping
 I - 12 scrolls of remove curse
 M - 3 scrolls of teleportation
 W - 2 scrolls of enchant armour
 X - 6 scrolls of identify
 Y - 3 scrolls of brand weapon
Potions
 d - 3 potions of berserk rage
 g - 2 potions of magic
 k - 10 potions of curing
 p - a potion of lignification
 q - 4 potions of brilliance
 w - 7 potions of flight
 A - 6 potions of ambrosia
 J - a potion of invisibility
 N - 2 potions of resistance
 R - 8 potions of might
 T - 2 potions of cancellation
Books
 P - a manual of Slings
Comestibles
 f - 33 rations


   Skills:
 + Level 21.5 Fighting
 - Level 14.0 Short Blades
 - Level 12.0 Axes
 - Level 10.0 Armour
 - Level 10.0 Shields
 - Level 5.4 Spellcasting
 + Level 9.1 Charms
 - Level 8.8 Translocations
 + Level 15.2 Invocations


You had 24 spell levels left.
You knew the following spells:

 Your Spells              Type           Power        Failure   Level  Hunger
a - Blink                 Tloc           N/A          3%          2    #......
b - Shroud of Golubria    Chrm/Tloc      ####......   3%          2    #......

Your spell library contained the following spells:

 Spells                   Type           Power        Failure   Level  Hunger
 Apportation              Tloc           ####..       1%          1    None
 Infusion                 Chrm           ####         1%          1    None
 Song of Slaying          Chrm           ####....     2%          2    #......
 Gell's Gravitas          Tloc           ####......   6%          3    ###....
 Lesser Beckoning         Tloc           ####......   6%          3    ###....
 Teleport Other           Tloc           ####....     6%          3    ###....
 Passage of Golubria      Tloc           N/A          21%         4    ####...
 Portal Projectile        Hex/Tloc       ###...       36%         3    ###....
 Recall                   Summ/Tloc      N/A          36%         3    ###....
 Regeneration             Chrm/Necr      ###.......   36%         3    ###....
 Spectral Weapon          Hex/Chrm       ###.....     36%         3    ###....
 Animate Skeleton         Necr           N/A          61%         1    None
 Confusing Touch          Hex            #.....       61%         1    None
 Corona                   Hex            #......      61%         1    None
 Pain                     Necr           #...         61%         1    None
 Sandblast                Erth           #.....       61%         1    None
 Summon Small Mammal      Summ           #...         61%         1    None
 Corpse Rot               Necr           N/A          75%         2    #......
 Passwall                 Tmut/Erth      #.......     75%         2    #......
 Poisonous Vapours        Pois/Air       #.....       75%         2    #......
 Slow                     Hex            #.......     75%         2    #......
 Sublimation of Blood     Necr           #.........   75%         2    #......
 Conjure Flame            Conj/Fire      #.......     93%         3    ###....
 Ignite Poison            Fire/Tmut/Pois #.......     93%         3    ###....
 Inner Flame              Hex/Fire       #.......     93%         3    ###....
 Mephitic Cloud           Conj/Pois/Air  #.......     93%         3    ###....
 Stone Arrow              Conj/Erth      #.....       93%         3    ###....
 Vampiric Draining        Necr           #.........   93%         3    ###....
 Excruciating Wounds      Chrm/Necr      ###.......   98%         5    ######.
 Iskenderun's Battlesphe  Conj/Chrm      ###.....     98%         5    ######.
 Summon Forest            Summ/Tloc      ###.......   98%         5    ######.
 Animate Dead             Necr           N/A          100%        4    ####...
 Cause Fear               Hex            #.........   100%        4    ####...
 Leda's Liquefaction      Hex/Erth       #.........   100%        4    ####...
 Petrify                  Tmut/Erth      #.......     100%        4    ####...
 Agony                    Necr           #.......     100%        5    ######.
 Alistair's Intoxication  Tmut/Pois      #.......     100%        5    ######.
 Aura of Abjuration       Summ           #.........   100%        5    ######.
 Bolt of Draining         Conj/Necr      #.........   100%        5    ######.
 Bolt of Magma            Conj/Fire/Erth #.........   100%        5    ######.
 Dispel Undead            Necr           #.......     100%        5    ######.
 Irradiate                Conj/Tmut      #.........   100%        5    ######.
 Lee's Rapid Deconstruct  Erth           #.........   100%        5    ######.
 Silence                  Hex/Air        #.........   100%        5    ######.
 Summon Demon             Summ           #.........   100%        5    ######.
 Summon Mana Viper        Hex/Summ       #.......     100%        5    ######.
 Venom Bolt               Conj/Pois      #.........   100%        5    ######.
 Yara's Violent Unravell  Hex/Tmut       #.........   100%        5    ######.
 Darkness                 Hex            #.........   100%        6    #######
 Deflect Missiles         Chrm/Air       ###.......   100%        6    #######
 Freezing Cloud           Conj/Ice/Air   #.........   100%        6    #######
 Hydra Form               Tmut           #.........   100%        6    #######
 Iron Shot                Conj/Erth      #.........   100%        6    #######
 Shadow Creatures         Summ           N/A          100%        6    #######
 Statue Form              Tmut/Erth      #........    100%        6    #######
 Dragon Form              Tmut           #.........   100%        7    #######
 Orb of Destruction       Conj           #.........   100%        7    #######
 Ring of Flames           Chrm/Fire      ###.......   100%        7    #######
 Spellforged Servitor     Conj/Summ      #.........   100%        7    #######
 Discord                  Hex            #.........   100%        8    #######


Dungeon Overview and Level Annotations

Branches:
Dungeon (15/15)            Temple (0/1) D:7            Lair (6/6) D:11
 Shoals (1/4) Lair:2        Snake (0/4) Lair:4        Slime (0/5) Lair:5
    Orc (2/2) D:11            Elf (3/3) Orc:2        Vaults (0/5) D:14
 Depths (1/5) D:15

Altars:
Ashenzari
Cheibriados
Dithmenos
Fedhas
Gozag
Hepliaklqana
Makhleb
Okawaru
Qazlal
Ru
Vehumet
Wu Jian
Xom
Yredelemnul
Zin
The Shining One
Beogh
Jiyva

Shops:
D:7 *   D:10 %}*[   D:13 **   Orc:2 (((   Elf:1 (

Portals:
Hell: Depths:1

Annotations:
D:7 Artifact shop
D:15 exclusion: Roxanne, Roxanne
Lair:5 1 runed translucent door
Depths:1 3 runed translucent doors


Innate Abilities, Weirdness & Mutations

You are clumsy. (Dex -2)
Your system is resistant to poisons. (rPois)
You are robust. (+10% HP)


Message History

You are poisoned.
You partially resist.
* * * LOW HITPOINT WARNING * * *
The daeva hits you with a +5 eudemon blade of holy wrath!!
* * * LOW HITPOINT WARNING * * *
The daeva closely misses you.
Blink to where?
Press: ? - help, Dir - move target cursor, p - daeva You are very lightly contaminated with residual magic.
As you read the scroll of blinking, it crumbles to dust.
You feel sick. The green death gestures at you. The poison arrow hits you!
You are more poisoned.
You partially resist.
* * * LOW HITPOINT WARNING * * *
You feel better.
The daeva calls down the wrath of Zin upon you.
Zin smites you!
You die...

#...# #.....##+#### ##...##
#.....# # #.....# #..#### #
##.⌠.).## #####..# # #.......#
#.#.#..# ### # ##..⌠.⌠..##
##.#...# ###.### #.........#
#.#....####......
##...⌠.⌠..A#######........#......
...........2....@.........#......
.......§..................#......
###########.........#.....#..>...
####.#######.##...........
#..........#.##...........
########.########.#.##....#......
.........##.....#.#'###...###+###
.........##)###...............#
.........##.######...##########


You could see a daeva and a green death.

Vanquished Creatures
  Mara (Depths:1)
  Rupert (D:13)
  Jorgrun (Elf:1)
  3 deep elf blademasters
  6 deep elf master archers
  Kirke (Lair:3)
  Gastronok (D:12)
  A frost giant (Depths:1)
  An angel (Depths:1)
  7 deep elf sorcerers
  Aizul (Elf:1)
  An orc warlord (Orc:2)
  A deep elf elementalist (Elf:3)
  3 deep elf demonologists (Elf:3)
  3 stone giants
  A minotaur (Gauntlet)
  4 deep elf annihilators (Elf:3)
  3 deep elf death magi
  2 ettins
  2 fire dragons
  A deep elf high priest (Elf:3)
  Erolcha (Orc:1)
  A rakshasa (D:14)
  4 vault guards
  Harold (D:7)
  4 ogre magi
  5 centaur warriors
  12 hydras
  13 two-headed ogres
  22 dancing weapons
  12 deep elf knights
  Nergalle (Lair:3)
  2 hell knights
  6 skeletal warriors
  4 unseen horrors
  2 deep trolls (Orc:2)
  A wizard (Depths:1)
  An orange crystal statue (D:11)
  17 deep elf archers
  A wolf spider zombie (D:15)
  An obsidian statue (D:11)
  Pikel (D:6)
  A phantasmal warrior (D:13)
  7 cyclopes
  A wolf spider (D:15)
  66 deep elf magi
  2 orc knights
  5 orc sorcerers
  A faun (shapeshifter) (Gauntlet)
  8 ugly things
  Maurice (D:13)
  11 elephants
  Joseph (D:7)
  An ice statue (Gauntlet)
  6 centaur zombies
  7 black mambas
  17 spiny frogs
  A molten gargoyle (D:15)
  A torpor snail (Lair:4)
  The ghost of grerr the Slasher, a novice DsAK of Lugonu (D:5)
  3 gargoyles
  A yaktaur (D:13)
  5 rime drakes
  A kobold demonologist (D:15)
  An efreet (D:15)
  A komodo dragon (shapeshifter) (D:15)
  8 komodo dragons
  5 tengu conjurers
  15 trolls
  A polar bear (Lair:6)
  A queen bee (Lair:2)
  2 merfolk
  Grinder (D:6)
  A meliai zombie (D:13)
  6 hornets
  13 hippogriffs
  10 slime creatures
  15 blink frogs
  Sigmund (D:4)
  15 dream sheep
  3 water elementals
  2 centaur simulacra (D:13)
  10 spriggans (Lair:6)
  An air elemental (Elf:2)
  3 basilisks
  A wraith (D:12)
  4 wyverns
  16 yaks
  4 fire elementals
  5 vampire mosquitoes
  3 fire bats (Gauntlet)
  3 hogs
  2 hungry ghosts
  Menkaure (D:4)
  3 wargs (Orc:2)
  A naga (Lair:4)
  2 acid dragons
  A soldier ant (D:15)
  20 water moccasins
  2 hell hounds (Lair:1)
  10 porcupines
  5 ice beasts
  A black bear (shapeshifter) (Elf:1)
  24 orc warriors
  4 black bears
  2 sky beasts
  2 slaves (D:6)
  5 phantoms
  21 centaurs
  25 ogres
  3 boggarts (Lair:6)
  37 wolves
  11 crocodiles
  5 big kobolds
  15 bullfrogs
  2 wyvern skeletons
  A water moccasin skeleton (D:10)
  5 scorpions
  35 killer bees
  2 electric eels
  3 howler monkeys (D:9)
  11 crimson imps
  A lava snake (D:15)
  4 quasits
  4 bullfrog zombies
  3 jellies
  13 orc priests
  4 bullfrog skeletons
  9 hounds
  25 orc wizards
  6 centaur skeletons
  Terence (D:3)
  5 iguanas
  10 worker ants
  A killer bee zombie (D:9)
  14 gnolls
  A worker ant zombie (D:8)
  16 adders
  4 river rats (Lair:4)
  3 shadow imps
  A white imp (Depths:1)
  2 oozes
  2 adder skeletons (D:9)
  3 worms
  A dart slug (D:1)
  5 leopard geckos
  70 orcs
  5 bats
  4 giant cockroaches
  7 goblins
  6 hobgoblins
  14 jackals
  21 kobolds
  4 quokkas
  A ball python (D:7)
  8 frilled lizards
  A jackal skeleton (D:4)
  19 rats
  25 plants
1040 creatures vanquished.

Vanquished Creatures (collateral kills)
  A deep elf demonologist (Elf:2)
  A deep elf annihilator (Elf:1)
  The ghost of Burgietje the Warrior, a journeyman GrFi of Okawaru (D:13)
  A great orb of eyes (D:13)
  An ogre mage (Depths:1)
  4 dancing weapons (Elf:2)
  6 deep elf knights
  2 wizards
  A deep elf archer (Elf:2)
  2 orc knights (D:13)
  An ugly thing (Depths:1)
  12 deep elf magi
  2 manticores (D:13)
  A yaktaur (D:13)
  A tengu conjurer (D:13)
  A meliai zombie (D:13)
  A hippogriff (D:13)
  3 spriggans (Lair:6)
  A fire elemental (Elf:2)
  A warg (Orc:1)
  An orc warrior (Orc:1)
  2 black bears (Lair:6)
  2 ice beasts (D:13)
  2 wolves (Lair:6)
  An eye of draining (shapeshifter) (D:13)
  A centaur (D:13)
  2 ogres
  A big kobold (D:13)
  A scorpion (D:13)
  A killer bee (D:13)
  An orc wizard (Orc:1)
  A hell rat (Lair:4)
  A worker ant (D:13)
  4 orcs (Orc:1)
65 creatures vanquished.

Vanquished Creatures (others)
  A dancing weapon (Elf:2)
  A hound (D:6)
  A hound skeleton (D:6)
  An adder zombie (D:6)
  2 orcs (Orc:1)
  2 bushes (Lair:6)
  15 fungi
  24 plants
47 creatures vanquished.

Grand Total: 1152 creatures vanquished

Notes
Turn   | Place    | Note
-------+----------+-------------------------------------------
     0 | D:1      | Lysie the Hill Orc Fighter began the quest for the Orb.
     0 | D:1      | Reached XP level 1. HP: 19/19 MP: 1/1
    28 | D:1      | Reached XP level 2. HP: 26/26 MP: 2/2
   655 | D:1      | Reached XP level 3. HP: 31/31 MP: 3/3
   720 | D:2      | Reached skill level 5 in Axes
   758 | D:2      | Got a fine hand axe
   759 | D:2      | Identified the cursed +0 hand axe of Fedhas's Generosity
                  | {protect, SInv} (You found it on level 2 of the Dungeon)
   835 | D:2      | Reached XP level 4. HP: 34/39 MP: 4/4
  1199 | D:2      | Found a shadowy altar of Dithmenos.
  1337 | D:2      | Found a stormy altar of Qazlal.
  1518 | D:3      | Noticed Terence
  1536 | D:3      | Killed Terence
  1536 | D:3      | Reached XP level 5. HP: 27/45 MP: 5/5
  1705 | D:3      | Gained mutation: Your system is resistant to poisons.
                  | (rPois) [potion of mutation]
  1705 | D:3      | Gained mutation: Scrolls take you a little longer to read.
                  | [potion of mutation]
  1705 | D:3      | Lost mutation: Scrolls take you a little longer to read.
                  | [potion of mutation]
  1705 | D:3      | Gained mutation: You are robust. (+10% HP) [potion of
                  | mutation]
  2135 | D:3      | Reached XP level 6. HP: 25/56 MP: 6/6
  2682 | D:4      | Noticed Menkaure
  2691 | D:4      | Killed Menkaure
  2691 | D:4      | Reached XP level 7. HP: 26/62 MP: 7/7
  2908 | D:4      | Reached skill level 10 in Axes
  3005 | D:4      | Found an ornate altar of the Wu Jian Council.
  3104 | D:4      | Found a radiant altar of Vehumet.
  3113 | D:4      | Found a burning altar of Makhleb.
  3118 | D:4      | Became a worshipper of Makhleb the Destroyer
  3162 | D:4      | Noticed Sigmund
  3185 | D:4      | Killed Sigmund
  3298 | D:5      | Entered Level 5 of the Dungeon
  3359 | D:5      | Reached XP level 8. HP: 69/70 MP: 8/8
  3630 | D:5      | Found a transporter.
  3704 | D:5      | Found a transporter.
  3712 | D:5      | Noticed grerr's ghost (novice DsAK)
  4157 | D:5      | Reached skill level 1 in Invocations
  4175 | D:5      | Killed grerr's ghost
  4175 | D:5      | Reached skill level 5 in Fighting
  4425 | D:6      | Noticed Pikel
  4706 | D:6      | Killed Pikel
  4706 | D:6      | Reached skill level 6 in Fighting
  4706 | D:6      | Reached XP level 9. HP: 64/85 MP: 11/13
  4837 | D:6      | Got a polished rapier
  4838 | D:6      | Identified the +5 rapier "Vuihara" {elec, Fragile rPois
                  | Str+2} (You found it on level 6 of the Dungeon)
  5004 | D:6      | Reached skill level 7 in Fighting
  5107 | D:6      | Reached * piety under Makhleb
  5226 | D:6      | Found an iron altar of Okawaru.
  5226 | D:6      | Noticed Grinder
  5242 | D:6      | Killed Grinder
  5251 | D:6      | Found a sacrificial altar of Ru.
  5258 | D:6      | Found a shattered altar of Ashenzari.
  5573 | D:6      | Reached skill level 8 in Fighting
  5719 | D:7      | Noticed Harold
  5743 | D:7      | Reached skill level 1 in Short Blades
  5948 | D:7      | Killed Harold
  5948 | D:7      | Reached XP level 10. HP: 47/96 MP: 15/17
  6161 | D:7      | Found a staircase to the Ecumenical Temple.
  6204 | D:7      | Noticed Joseph
  6225 | D:7      | Killed Joseph
  6225 | D:7      | Reached skill level 10 in Invocations
  6233 | D:7      | Reached skill level 5 in Short Blades
  6266 | D:7      | Found an opulent altar of Gozag.
  6266 | D:7      | Found Gozag's Platinum Reserve.
  6436 | D:7      | Reached ** piety under Makhleb
  6775 | D:7      | Found a basalt altar of Yredelemnul.
  6883 | D:7      | Stores
  7419 | D:8      | Found a shimmering altar of Xom.
  7541 | D:8      | Found a glowing silver altar of Zin.
  7541 | D:8      | Found a glowing golden altar of the Shining One.
  7544 | D:8      | Found a blossoming altar of Fedhas.
  7544 | D:8      | Found a hazy altar of Hepliaklqana.
  7686 | D:8      | Reached *** piety under Makhleb
  8484 | D:9      | Reached XP level 11. HP: 104/104 MP: 18/18
  8903 | D:9      | Found a snail-covered altar of Cheibriados.
  8990 | D:10     | Entered Level 10 of the Dungeon
  9194 | D:10     | Reached **** piety under Makhleb
  9240 | D:10     | Found Ilokhoni's General Store.
  9244 | D:10     | Found Wehunkoe's Food Shoppe.
  9244 | D:10     | Found Xykadeq's Antique Armour Shoppe.
  9244 | D:10     | Found Wezoz's Gadget Shoppe.
  9591 | D:10     | Reached skill level 9 in Fighting
  9591 | D:10     | Reached skill level 5 in Shields
  9782 | D:11     | Found a gate leading to a gauntlet.
  9785 | Gauntlet | Entered a Gauntlet
  9785 | Gauntlet | Found a transporter.
  9785 | Gauntlet | Found a transporter.
  9789 | Gauntlet | Found a transporter.
  9796 | Gauntlet | Found a transporter.
  9810 | Gauntlet | Found a transporter.
  9817 | Gauntlet | Noticed a reaper
  9819 | Gauntlet | Found a transporter.
  9821 | Gauntlet | Noticed an oklob plant
  9837 | Gauntlet | Noticed a dire elephant
  9838 | Gauntlet | Found a transporter.
  9838 | Gauntlet | Found a transporter.
  9848 | Gauntlet | Noticed a swamp dragon
  9848 | Gauntlet | a water nymph changed into a swamp dragon
  9851 | Gauntlet | Found a transporter.
  9854 | Gauntlet | Found a transporter.
  9859 | Gauntlet | Noticed a fire crab
  9859 | Gauntlet | a swamp dragon changed into a fire crab
  9864 | Gauntlet | Found a transporter.
  9864 | Gauntlet | Noticed a death drake
  9864 | Gauntlet | a fire crab changed into a death drake
  9865 | Gauntlet | Noticed a moth of wrath
  9867 | Gauntlet | Noticed a wolf spider
  9867 | Gauntlet | a death drake changed into a wolf spider
  9868 | Gauntlet | Noticed a spark wasp
  9868 | Gauntlet | a wolf spider changed into a spark wasp
  9871 | Gauntlet | Noticed a harpy
  9871 | Gauntlet | a wind drake changed into a harpy
  9873 | Gauntlet | Noticed a wolf spider
  9873 | Gauntlet | a spark wasp changed into a wolf spider
  9876 | Gauntlet | a wolf spider changed into a merfolk
  9886 | Gauntlet | Noticed a mana viper
  9886 | Gauntlet | a merfolk changed into a mana viper
  9890 | Gauntlet | Noticed a shining eye
  9890 | Gauntlet | a mana viper changed into a shining eye
  9897 | Gauntlet | Noticed a glowing orange brain
  9897 | Gauntlet | a shining eye changed into a glowing orange brain
  9900 | Gauntlet | Noticed a wolf spider
  9900 | Gauntlet | a glowing orange brain changed into a wolf spider
  9902 | Gauntlet | a wolf spider changed into a swamp worm
  9903 | Gauntlet | Noticed an anaconda
  9903 | Gauntlet | a swamp worm changed into an anaconda
  9905 | Gauntlet | Noticed a glowing shapeshifter
  9905 | Gauntlet | an anaconda changed into a glowing shapeshifter
  9906 | Gauntlet | a glowing shapeshifter changed into a merfolk
  9908 | Gauntlet | Found a transporter.
  9918 | Gauntlet | Noticed a glowing shapeshifter
  9918 | Gauntlet | a glowing shapeshifter changed into a redback
  9980 | Gauntlet | Found a transporter.
  9998 | Gauntlet | Noticed a moth of wrath
 10003 | Gauntlet | Found a transporter.
 10088 | Gauntlet | Found a transporter.
 10141 | Gauntlet | Reached skill level 5 in Armour
 10212 | Gauntlet | Got a crude turquoise ring
 10270 | Gauntlet | Identified the ring "Aneoxtis" {rPois rN+ Str-2 Int+3
                  | Slay+3 Stlth+} (You found it in a Gauntlet)
 10291 | Gauntlet | Noticed a hell hog
 10291 | Gauntlet | Found a transporter.
 10361 | Gauntlet | Noticed a faun
 10362 | Gauntlet | Noticed a faun
 10368 | Gauntlet | a faun changed into a snapping turtle
 10373 | Gauntlet | Noticed a sea snake
 10373 | Gauntlet | a water nymph changed into a sea snake
 10378 | Gauntlet | Noticed a faun
 10381 | Gauntlet | a sea snake changed into a floating eye
 10409 | Gauntlet | Killed a faun
 10410 | Gauntlet | Noticed a cyclops
 10420 | Gauntlet | Noticed a minotaur
 10439 | Gauntlet | Killed a minotaur
 10454 | Gauntlet | Identified the Incunabulum of Curses
 10460 | Gauntlet | Got a shimmering robe
 10497 | D:11     | Identified the +1 robe "Xeej" {MR++ Dex+4} (You found it in
                  | a Gauntlet)
 10568 | D:11     | Noticed a centaur warrior
 10570 | D:11     | Noticed a purple ugly thing
 10571 | D:11     | Noticed an orc knight
 10751 | D:11     | Killed an orc knight
 10767 | D:11     | Killed a centaur warrior
 10767 | D:11     | Reached skill level 10 in Fighting
 10807 | D:11     | Killed a purple ugly thing
 10885 | D:11     | Found a staircase to the Orcish Mines.
 10948 | D:11     | Found a staircase to the Lair.
 11025 | D:11     | Noticed an orange crystal statue
 11133 | D:11     | Noticed an obsidian statue
 11417 | Lair:1   | Entered Level 1 of the Lair of Beasts
 11491 | Lair:1   | Noticed a five-headed hydra
 11499 | Lair:1   | Killed a five-headed hydra
 11539 | Lair:1   | Reached XP level 12. HP: 103/118 MP: 19/19
 11561 | Lair:1   | Noticed a seven-headed hydra
 11572 | Lair:1   | Killed a seven-headed hydra
 11572 | Lair:1   | Reached skill level 11 in Fighting
 11855 | Lair:1   | Found a dark tunnel.
 11876 | Volcano  | Entered a volcano
 11934 | Volcano  | Noticed a centaur warrior
 11945 | Volcano  | Killed a centaur warrior
 13098 | Lair:2   | Reached skill level 12 in Fighting
 13322 | Lair:2   | Reached XP level 13. HP: 130/130 MP: 20/20
 13347 | Lair:2   | Reached skill level 10 in Armour
 13347 | Lair:2   | Reached skill level 10 in Shields
 13407 | Lair:2   | Reached ***** piety under Makhleb
 13426 | Lair:2   | You fall through a shaft!
 13430 | Lair:3   | Noticed Nergalle
 13447 | Lair:3   | Killed Nergalle
 13477 | Lair:3   | Reached skill level 13 in Fighting
 13593 | Lair:2   | Found a staircase to the Shoals.
 14842 | Lair:3   | Reached skill level 10 in Short Blades
 15638 | Lair:4   | Found a staircase to the Snake Pit.
 15722 | Lair:4   | Reached skill level 14 in Fighting
 15897 | Lair:4   | Noticed Kirke
 16480 | Lair:4   | Reached XP level 14. HP: 138/146 MP: 21/21
 17150 | Lair:5   | Reached skill level 15 in Fighting
 17440 | Lair:5   | Found a runed translucent door.
 17446 | Lair:5   | Found a viscous altar of Jiyva.
 17447 | Lair:5   | Noticed an acid blob
 17451 | Lair:5   | Found a staircase to the Slime Pits.
 17451 | Lair:5   | Noticed an acid blob
 17663 | Lair:6   | Entered Level 6 of the Lair of Beasts
 17819 | Lair:6   | Reached ****** piety under Makhleb
 18152 | Lair:6   | Reached skill level 16 in Fighting
 19299 | Lair:3   | Killed Kirke
 19426 | Orc:1    | Entered Level 1 of the Orcish Mines
 19457 | Orc:1    | You fall through a shaft!
 19457 | Orc:2    | Entered Level 2 of the Orcish Mines
 19457 | Orc:2    | Found Zeggoq's Antique Weapon Shop.
 19457 | Orc:2    | Found Bume's Gadget Emporium.
 19832 | Orc:2    | Reached XP level 15. HP: 140/160 MP: 22/22
 19869 | Orc:1    | Noticed Erolcha
 19880 | Orc:1    | Paralysed by Erolcha for 4 turns
 19884 | Orc:1    | Killed Erolcha
 20075 | Orc:1    | Reached skill level 17 in Fighting
 20615 | Orc:2    | Found a roughly hewn altar of Beogh.
 20812 | Orc:2    | Found Ycoschown's Antique Weapon Shoppe.
 20908 | Orc:2    | Found Zoampum's Antique Weapon Shoppe.
 20988 | Orc:2    | Found a staircase to the Elven Halls.
 21030 | Orc:2    | Noticed an orc warlord
 21058 | Orc:2    | Killed an orc warlord
 21058 | Orc:2    | Reached skill level 1 in Spellcasting
 21621 | D:12     | Learned a level 2 spell: Blink
 21767 | D:12     | Reached skill level 1 in Translocations
 21788 | D:12     | Noticed Gastronok
 21836 | D:12     | Killed Gastronok
 21836 | D:12     | Reached skill level 18 in Fighting
 22302 | D:13     | Noticed Rupert
 22623 | D:13     | Noticed Maurice
 22636 | D:13     | Killed Maurice
 22699 | D:13     | Killed Rupert
 22753 | D:13     | Identified the +3 great sword "Cowipheu" {speed, *Rage MR+
                  | Dex+3}
 22808 | D:13     | Reached XP level 16. HP: 62/172 MP: 21/24
 22810 | D:13     | Paralysed by a yaktaur for 4 turns
 23100 | D:13     | Reached skill level 5 in Translocations
 23221 | D:13     | Learned a level 2 spell: Shroud of Golubria
 23221 | D:13     | Identified a scroll of acquirement
 23340 | D:13     | Found a runed translucent gate.
 23340 | D:13     | Found a runed translucent gate.
 23340 | D:13     | Found a runed translucent gate.
 23341 | D:13     | Found an opulent altar of Gozag.
 23342 | D:13     | Found Potism's Assorted Antiques.
 23342 | D:13     | Noticed Burgietje's ghost (journeyman GrFi)
 23344 | D:13     | Found Daapocwa's Assorted Antiques.
 23387 | D:13     | Killed Burgietje's ghost
 23434 | D:13     | Bought a scroll of blinking for 262 gold pieces
 23532 | D:13     | Bought a lumpy golden potion for 27 gold pieces
 23627 | D:14     | Got a smoking ring mail
 23628 | D:14     | Identified the cursed +1 ring mail of Patience {rC+} (You
                  | found it on level 14 of the Dungeon)
 23748 | D:14     | Got a heavily runed scale mail
 23749 | D:14     | Identified the +2 scale mail of Conscience {Str+3} (You
                  | found it on level 14 of the Dungeon)
 24268 | D:14     | Found a gate to the Vaults.
 24450 | D:15     | Entered Level 15 of the Dungeon
 24682 | D:15     | Found a staircase to the Depths.
 25106 | D:15     | Identified Roxanne's Grimoire of Shape Shifting
 25106 | D:15     | Noticed Roxanne
 25274 | D:15     | Reached skill level 5 in Spellcasting
 25498 | D:15     | Reached skill level 19 in Fighting
 25943 | Orc:2    | Bought a blackened dagger for 161 gold pieces
 25943 | Orc:2    | Identified the +5 dagger of Reschuja {venom, Dex+5} (You
                  | bought it in a shop on level 2 of the Orcish Mines)
 25965 | Elf:1    | Entered Level 1 of the Elven Halls
 26160 | Elf:1    | Reached XP level 17. HP: 182/184 MP: 25/25
 26599 | Elf:1    | Reached skill level 1 in Charms
 27166 | Elf:1    | Noticed Jorgrun
 27192 | Elf:1    | Killed Jorgrun
 27214 | Elf:1    | Noticed Aizul
 27232 | Elf:1    | Killed Aizul
 27557 | Elf:1    | Found Badahoa's Weapon Shop.
 28638 | Elf:2    | Gained mutation: You are clumsy. (Dex -2) [a cacodemon]
 29532 | Elf:2    | Reached skill level 20 in Fighting
 29833 | Elf:2    | Found a runed translucent gate.
 29833 | Elf:2    | Found a runed translucent gate.
 29833 | Elf:2    | Found a runed translucent gate.
 30052 | Elf:2    | Noticed a deep elf blademaster
 30094 | Elf:2    | Killed a deep elf blademaster
 30094 | Elf:2    | Reached skill level 5 in Charms
 30984 | Elf:2    | Reached XP level 18. HP: 128/195 MP: 27/27
 31444 | Elf:3    | Entered Level 3 of the Elven Halls
 31695 | Elf:3    | Noticed a deep elf master archer
 31877 | Elf:2    | Killed a deep elf master archer
 32756 | Elf:3    | Noticed a deep elf master archer
 32759 | Elf:3    | Noticed a deep elf blademaster
 32769 | Elf:3    | Killed a deep elf master archer
 33011 | Elf:3    | Noticed a deep elf master archer
 33031 | Elf:3    | Killed a deep elf master archer
 33274 | Elf:3    | Noticed a deep elf master archer
 33311 | Elf:3    | Noticed a deep elf master archer
 33317 | Elf:3    | Killed a deep elf master archer
 33338 | Elf:3    | Killed a deep elf master archer
 33399 | Elf:3    | Identified the +1 flail of Theory {flame, Str+6}
 33408 | Elf:3    | Noticed a Brimstone Fiend
 33691 | Elf:3    | Identified the +10 flail of Discomfort {flame, rN+ MR-
                  | Stlth+}
 33714 | Elf:3    | Identified the +2 plate armour "Kail" {Regen+ rCorr Int-3
                  | Dex-4}
 33714 | Elf:3    | Noticed a deep elf blademaster
 33728 | Elf:3    | Killed a deep elf blademaster
 33728 | Elf:3    | Reached skill level 21 in Fighting
 33783 | Elf:3    | Identified the ring "Geethaaf" {rElec rC+ AC+1 Slay+3
                  | Stlth-}
 33783 | Elf:3    | Noticed a deep elf master archer
 33814 | Elf:3    | Killed a deep elf master archer
 34176 | Elf:3    | Identified the +9 war axe of the Enchanted Forest {drain,
                  | rF- Str+4 Dex+4}
 34176 | Elf:3    | Identified the ring of Bit Caom {rF+ rC++ Stlth+}
 34177 | Elf:3    | Identified the +1 leather armour of Vanity {Str+3}
 34246 | Elf:3    | Killed a deep elf blademaster
 34248 | Elf:3    | Cast into level 3 of the Abyss (a deep elf sorcerer)
 34295 | Elf:3    | Escaped the Abyss
 34452 | Elf:3    | Noticed a Brimstone Fiend
 35306 | Shoals:1 | Entered Level 1 of the Shoals
 35837 | Depths:1 | Entered Level 1 of the Depths
 35837 | Depths:1 | Noticed Mara
 35846 | Depths:1 | Killed Mara
 35846 | Depths:1 | Reached XP level 19. HP: 207/207 MP: 28/30
 35940 | Depths:1 | Reached skill level 15 in Invocations
 36396 | Depths:1 | Found a runed translucent gate.
 36396 | Depths:1 | Found a runed translucent gate.
 36396 | Depths:1 | Found a runed translucent gate.
 36454 | Depths:1 | Found a gateway to Hell.
 36559 | Depths:1 | HP: 10/209 [daeva/+5 eudemon blade of holy wrath (25)]
 36560 | Depths:1 | HP: 2/209 [green death/poison arrow[the player character]
                  | (8)]
 36563 | Depths:1 | Killed from afar by a daeva

Skill      XL: |  1  2  3  4  5  6  7  8  9 10 11 12 13 14 15 16 17 18 19 |
---------------+----------------------------------------------------------+-----
Axes           | 3 4 5 6 8 9 11 12 | 12.0
Invocations    | 6 9 10 12 14 15 | 15.2
Fighting       | 6 8 10 12 14 16 18 19 20 21 | 21.5
Short Blades   | 4 8 11 13 14 | 14.0
Shields        | 4 7 9 10 | 10.0
Armour         | 4 7 9 10 | 10.0
Spellcasting   | 3 5 |  5.4
Translocations | 4 8 |  8.8
Charms         | 5 8 9 |  9.1

Action                   |  1- 3 |  4- 6 |  7- 9 | 10-12 | 13-15 | 16-18 | 19-21 || total
-------------------------+-------+-------+-------+-------+-------+-------+-------++-------
Melee: War axe           |    74 |       |       |       |       |       |       ||    74
       Hand axe          |    20 |   227 |   212 |       |       |       |       ||   459
       Whip              |       |       |   140 |       |       |       |       ||   140
       Rapier            |       |       |    22 |   732 |  1480 |  1589 |   111 ||  3934
       Unarmed           |       |       |       |       |    12 |       |       ||    12
Throw: Throwing net      |       |     1 |       |     3 |     5 |       |       ||     9
 Cast: Blink             |       |       |       |       |     1 |     7 |       ||     8
       Shroud of Golubri |       |       |       |       |       |     5 |       ||     5
Invok: Major Destruction |       |       |       |     8 |    12 |     6 |     3 ||    29
       Lesser Servant of |       |       |       |       |     1 |       |       ||     1
       Greater Servant o |       |       |       |       |     4 |    20 |     2 ||    26
Evoke: Wand              |       |       |       |     2 |       |     1 |       ||     3
  Use: Scroll            |     3 |     5 |     6 |    21 |    11 |    21 |     1 ||    68
       Potion            |       |     4 |     3 |     6 |     2 |     5 |     3 ||    23
 Stab: Sleeping          |       |       |       |     2 |     5 |       |       ||     7
       Held in net/web   |       |       |       |       |     2 |       |       ||     2
       Distracted        |       |       |       |       |     1 |     1 |     1 ||     3
       Confused          |       |       |       |       |       |     1 |       ||     1
       Invisible         |       |       |       |       |       |     3 |       ||     3
  Eat: Chunk             |       |     2 |     1 |     7 |     8 |       |       ||    18
       Ration            |       |     1 |     3 |     6 |     7 |    12 |     1 ||    30
Armor: Scale mail        |    37 |    99 |   148 |   120 |       |   111 |       ||   515
       Troll leather arm |       |       |       |    78 |   306 |    27 |       ||   411
       Chain mail        |       |       |       |     3 |       |   234 |    21 ||   258
Dodge: Dodged            |    25 |    79 |   104 |   323 |   762 |   501 |    15 ||  1809
Block: Shield            |    50 |   108 |   150 |   257 |       |       |       ||   565
       Buckler           |       |       |       |    34 |   284 |   261 |    23 ||   602
       Reflection        |       |       |       |       |       |       |     1 ||     1
